 Dungeon Crawl Stone Soup version 0.30-a0-457-g4b7bca3bfa (webtiles) character file.

Game seed: 8112140697670265781

19 tsouns the Vexing (level 2, -2/16 HPs)
             Began as a Deep Elf Hexslinger on Dec 13, 2022.
             Was a Follower of Wu Jian.
             Slain by a quokka (5 damage)
             ... on level 2 of the Dungeon.
             The game lasted 00:02:13 (1129 turns).

tsouns the Vexing (Deep Elf Hexslinger)             Turns: 1129, Time: 00:02:14

Health: -2/16      AC:  2    Str:  7    XL:     2   Next: 55%
Magic:  1/6        EV: 12    Int: 17    God:    Wu Jian [*.....]
Gold:   43         SH:  0    Dex: 15    Spells: 1/4 levels left

rFire   . . .      SeeInvis .    a - +1 sling
rCold   . . .      Faith    .    (no shield)
rNeg    . . .      Spirit   .    c - +0 robe
rPois   .          Reflect  .    (no helmet)
rElec   .          Harm     .    (no cloak)
rCorr   .          Rampage  .    (no gloves)
Will    .....                    (no boots)
Stlth   +.........               (no amulet)
HPRegen 0.22/turn                (no ring)
MPRegen 0.10/turn                (no ring)

@: attractive
A: no striking features
a: Renounce Religion


You were on level 2 of the Dungeon.
You worshipped Wu Jian.
Wu Jian was aware of your devotion.
You visited 1 branch of the dungeon, and saw 2 of its levels.

You collected 43 gold pieces.

Inventory:

Hand Weapons
 a - a +1 sling (weapon)
Armour
 c - a +0 robe (worn)
Scrolls
 b - a scroll of poison
 d - a scroll of enchant armour {unknown}
 f - a scroll of identify {unknown}


   Skills:
 - Level 0.7 Fighting
 + Level 3.2 Ranged Weapons
 - Level 2.4 Dodging
 + Level 1.5 Spellcasting
 + Level 4.9 Hexes


You had one spell level left.
You knew the following spells:

 Your Spells              Type           Power      Damage    Failure   Level
a - Slow                  Hex            72%        N/A       2%          1
b - Ensorcelled Hibernat  Hex/Ice        18%        N/A       11%         2

Your spell library contained the following spells:

 Spells                   Type           Power      Damage    Failure   Level
 Inner Flame              Hex/Fire       9%         N/A       22%         3
 Portal Projectile        Hex/Tloc       18%        N/A       22%         3
 Cause Fear               Hex            9%         N/A       26%         4
 Passwall                 Tmut/Erth      0%         N/A       30%         2
 Swiftness                Air            1%         N/A       52%         3


Dungeon Overview and Level Annotations

Branches:
Dungeon (2/15)

Altars:
Wu Jian


Message History

You don't have enough magic to cast this spell.
Unknown command.
You don't have enough magic to cast this spell.
Fire: a) +1 sling
Press: ? - help, Shift-Dir - straight line, f - hobgoblin, p - quokka
Aim: a hobgoblin (heavily wounded, 57% to hit)
You shoot a sling bullet.
The sling bullet hits the quokka but does no damage.
The quokka bites you.
Unknown command.
You don't have enough magic to cast this spell.
You don't have enough magic to cast this spell.
Fire: a) +1 sling
Press: ? - help, Shift-Dir - straight line, f/p - hobgoblin
Aim: a hobgoblin (heavily wounded, 57% to hit)
You shoot a sling bullet.
The sling bullet barely misses the quokka.
The sling bullet closely misses the hobgoblin.
The quokka closely misses you. The quokka barely misses you.
Fire: a) +1 sling
Press: ? - help, Shift-Dir - straight line, f/p - hobgoblin
Aim: a hobgoblin (heavily wounded, 57% to hit)
You shoot a sling bullet.
The sling bullet hits the quokka but does no damage.
The quokka misses you.
It was a potion of attraction.
You feel attractive to monsters. The quokka misses you.
The hobgoblin is attracted toward you.
Unknown command.
Fire: a) +1 sling
Press: ? - help, Shift-Dir - straight line, f/p - hobgoblin
Aim: a hobgoblin (heavily wounded, 57% to hit)
You shoot a sling bullet.
The sling bullet barely misses the quokka.
The sling bullet hits the hobgoblin.
The hobgoblin is almost dead.
The quokka bites you.
* * * LOW HITPOINT WARNING * * *
The quokka bites you.
You die...

.......#.#......†....##.# ..
....>.#..#.#............# .
......#..#........##.####.# .##
......#).#........#.......# ...
......#..#.#....#.#..####### #..
......#..#.#....#.#..#⌠#⌠#⌠####..
......#..#.#......#....._........
.........#.#.....##.##⌠#⌠#⌠#<##..
........####....@##.########.....
#.#.#r##..# #.####.#.#
#....g###.# #......#.. #.....#
#.#.######.#.# #.#.#g#
#.#.######.### #.....#
#.#.......##.# #.....#
#.##.....##.#. #.#.#§#
#.##....##.### #.....#
#.##....#.##..


You could see a quokka and 2 hobgoblins.

Vanquished Creatures
  2 worms (D:2)
  A dart slug (D:2)
  2 endoplasms (D:1)
  A goblin (D:1)
  A hobgoblin (D:2)
  A kobold (D:1)
  2 bats
  2 rats (D:1)
12 creatures vanquished.

Notes
Turn   | Place    | Note
-------+----------+-------------------------------------------
     0 | D:1      | tsouns the Deep Elf Hexslinger began the quest for the Orb.
     0 | D:1      | Reached XP level 1. HP: 11/11 MP: 5/5
   782 | D:2      | Found a faded altar of an unknown god.
   800 | D:2      | Prayed at the altar of an unknown god.
   800 | D:2      | Became a worshipper of the Wu Jian Council
   800 | D:2      | Reached * piety under Wu Jian
   808 | D:2      | Reached XP level 2. HP: 7/16 MP: 6/6
  1016 | D:2      | Learned a level 2 spell: Ensorcelled Hibernation
  1129 | D:2      | Slain by a quokka

Illustrated notes

Levels and vault maps discovered:
D:1:      minmay_arrival_open_corners, layout_basic, nrook_mini_backslash
D:2:      layout_basic, ebering_ecumenical_altar_hall, amethyst_killhole,
          grunt_decor_arrowhead, columned_hall_lemuel, minmay_pentomino_z4

Skill      XL: |  1 |
---------------+----+-----
Ranged Weapons | 3 |  3.2
Fighting       | |  0.7
Dodging        | |  2.4
Spellcasting   | |  1.5
Hexes          | |  4.9

Action                   || total
-------------------------++-------
 Fire: Sling             ||    57
 Cast: Slow              ||     7
       Ensorcelled Hiber ||     2
  Use: Potion            ||     1
Armor: Robe              ||     1
Dodge: Dodged            ||    19

Table legend: (Time is in decaauts)
 A = Elapsed time spent in this place.
 B = Non-inter-level travel time spent in this place.
 C = Inter-level travel time spent in this place.
 D = Time resting spent in this place.
 E = Time spent auto-exploring this place.
 F = Levels seen in this place.
 G = Mean time per level.
                   A        B        C        D        E       F      G
               +--------+--------+--------+--------+--------+-----+--------+
         Total |   1141 |   1120 |     21 |      0 |    947 |   2 |  570.5 |
       Dungeon |   1141 |   1120 |     21 |      0 |    947 |   2 |  570.5 |
               +--------+--------+--------+--------+--------+-----+--------+

Top non-repeatable levels by time:
     D:1: 757 daAuts
     D:2: 383 daAuts
